General information
- name: BNet
- type: Ladder team game (AT/RT)
- host: Battle.net
- saver: Stormfaagel
map: Battleground
- players: 8
- length: 27:18
- speed: Fast
- version: 1.26 W3XP
- replay type: Public
» download(181 KB)
Players
team 1 (winner)
twilight (
teal | 52 APM | 762 actions | 14:47)
3 Death Knight
2 Death Coil
1 Unholy Aura
2 Lich
1 Frost Nova
1 Frost Armor
» actions
| Build / train | 36 | |
| Enter build submenu | 18 | |
| Enter hero's abilities submenu | 5 | |
| Right click | 459 | |
| Select / deselect | 197 | |
| Use ability | 46 | |
762 total
» units
| Acolyte | 5 | |
| Ghoul | 3 | |
| Crypt Fiend | 7 | |
| Forest Troll Shadow Priest | 1 | |
| Obsidian Statue | 1 | |
| Frost Wyrm | 3 | |
20 total
» upgrades
| Web | 1 | |
| Creature Attack | 1 | |
| Creature Carapace | 1 | |
3 total
» buildings
| Ziggurat | 6 | |
| Crypt | 1 | |
| Altar of Darkness | 2 | |
| Graveyard | 1 | |
| Tomb of Relics | 2 | |
| Halls of the Dead | 1 | |
| Black Citadel | 2 | |
| Slaughterhouse | 1 | |
| Sacrificial Pit | 1 | |
| Boneyard | 2 | |
| Nerubian Tower | 1 | |
20 total
» build order
00:30 Ziggurat
00:37 Crypt
01:02 Altar of Darkness
01:06 Altar of Darkness
01:32 Graveyard
01:56 Ziggurat
03:05 Ziggurat
03:08 Tomb of Relics
04:22 Halls of the Dead
06:37 Ziggurat
07:11 Black Citadel
07:11 Black Citadel
07:15 Slaughterhouse
07:18 Sacrificial Pit
09:55 Boneyard
10:00 Boneyard
10:06 Ziggurat
10:09 Ziggurat
10:30 Nerubian Tower
13:40 Tomb of Relics
» items
1nsp1re (
pink | 41 APM | 583 actions | 14:23)
3 Demon Hunter
2 Immolation
1 Evasion
» actions
| Basic commands | 76 | |
| Build / train | 37 | |
| ESC pressed | 1 | |
| Enter build submenu | 14 | |
| Enter hero's abilities submenu | 3 | |
| Right click | 218 | |
| Select / deselect | 199 | |
| Use ability | 35 | |
583 total
» units
| Wisp | 11 | |
| Archer | 14 | |
| Forest Troll Berserker | 1 | |
| Hippogryph | 3 | |
| Chimaera | 2 | |
31 total
» buildings
| Ancient of War | 2 | |
| Altar of Elders | 1 | |
| Moon Well | 5 | |
| Hunter's Hall | 1 | |
| Tree of Ages | 1 | |
| Ancient of Wonders | 1 | |
| Tree of Eternity | 1 | |
| Ancient of Wind | 1 | |
| Chimaera Roost | 2 | |
15 total
» build order
00:50 Ancient of War
00:56 Altar of Elders
01:03 Moon Well
01:17 Ancient of War
01:45 Moon Well
02:31 Moon Well
03:30 Hunter's Hall
04:18 Moon Well
05:07 Tree of Ages
06:36 Ancient of Wonders
07:25 Moon Well
08:16 Tree of Eternity
10:19 Ancient of Wind
11:34 Chimaera Roost
12:10 Chimaera Roost
MY-SISTER-IS-21 (
yellow | 73 APM | 1981 actions | 27:18)
6 Mountain King
3 Storm Bolt
2 Bash
1 Avatar
3 Death Knight
1 Unholy Aura
1 Death Coil
1 Animate Dead
1 Lich
1 Frost Nova
» actions
| Assign group hotkey | 46 | |
| Basic commands | 2 | |
| Build / train | 71 | |
| Enter build submenu | 24 | |
| Enter hero's abilities submenu | 10 | |
| Give item / drop item | 2 | |
| Right click | 787 | |
| Select / deselect | 253 | |
| Select group hotkey | 688 | |
| Use ability | 98 | |
1981 total
» units
| Peasant | 13 | |
| Gryphon Rider | 9 | |
| Frost Wyrm | 1 | |
| Dryad | 2 | |
25 total
» upgrades
| Masonry | 3 | |
| Lumber Harvesting | 2 | |
| Swords | 2 | |
| Armor | 2 | |
| Animal War Training | 1 | |
| Storm Hammers | 1 | |
11 total
» buildings
| Altar of Kings | 1 | |
| Farm | 11 | |
| Scout Tower | 24 | |
| Keep | 1 | |
| Lumber Mill | 1 | |
| Arcane Tower | 2 | |
| Arcane Vault | 1 | |
| Guard Tower | 17 | |
| Blacksmith | 1 | |
| Castle | 1 | |
| Gryphon Aviary | 3 | |
| Barracks | 1 | |
| Ancient Protector | 8 | |
| Ancient of War | 1 | |
73 total
» build order
00:08 Altar of Kings
00:25 Farm
01:22 Farm
02:08 Scout Tower
02:11 Keep
02:29 Lumber Mill
02:38 Arcane Tower
02:41 Arcane Vault
02:46 Scout Tower
02:46 Scout Tower
02:47 Scout Tower
02:48 Scout Tower
03:36 Guard Tower
03:52 Guard Tower
04:05 Guard Tower
04:26 Blacksmith
05:08 Castle
05:35 Gryphon Aviary
05:59 Gryphon Aviary
06:07 Farm
06:08 Farm
06:09 Farm
06:10 Farm
06:12 Farm
06:13 Farm
08:20 Gryphon Aviary
10:11 Barracks
11:15 Scout Tower
11:15 Scout Tower
11:45 Scout Tower
11:46 Scout Tower
11:46 Scout Tower
12:05 Guard Tower
12:32 Guard Tower
12:32 Guard Tower
14:09 Farm
14:10 Farm
14:10 Farm
14:51 Scout Tower
14:51 Scout Tower
14:51 Scout Tower
14:52 Scout Tower
14:53 Scout Tower
14:53 Scout Tower
15:29 Guard Tower
15:29 Guard Tower
15:36 Guard Tower
15:37 Guard Tower
15:52 Guard Tower
16:00 Guard Tower
16:00 Guard Tower
16:25 Ancient Protector
16:26 Ancient Protector
16:27 Ancient Protector
16:27 Ancient Protector
16:28 Ancient Protector
16:28 Ancient Protector
16:29 Ancient Protector
16:29 Ancient Protector
16:53 Scout Tower
16:54 Scout Tower
16:54 Scout Tower
17:36 Ancient of War
17:41 Guard Tower
17:59 Scout Tower
18:00 Scout Tower
18:49 Guard Tower
18:57 Scout Tower
18:57 Scout Tower
21:19 Guard Tower
» items
| Staff of Teleportation | 1 | |
| Scroll of Regeneration | 1 | |
2 total
JamesPlato (
green | 19 APM | 271 actions | 14:30)
2 Priestess of the Moon
2 Trueshot Aura
» actions
| Build / train | 42 | |
| Enter build submenu | 12 | |
| Enter hero's abilities submenu | 2 | |
| Remove unit from queue | 3 | |
| Right click | 86 | |
| Select / deselect | 105 | |
| Use ability | 21 | |
271 total
» units
| Wisp | 12 | |
| Huntress | 7 | |
| Druid of the Claw | 7 | |
26 total
» upgrades
| Strength of the Wild | 2 | |
| Reinforced Hides | 2 | |
| Druid of the Claw Training | 2 | |
| Mark of the Claw | 1 | |
7 total
» buildings
| Moon Well | 7 | |
| Ancient of War | 1 | |
| Hunter's Hall | 1 | |
| Altar of Elders | 1 | |
| Tree of Ages | 1 | |
| Tree of Eternity | 1 | |
| Ancient of Lore | 2 | |
14 total
» build order
00:27 Moon Well
01:19 Ancient of War
01:25 Hunter's Hall
01:57 Altar of Elders
02:05 Moon Well
02:37 Moon Well
03:40 Tree of Ages
04:32 Moon Well
06:05 Tree of Eternity
06:12 Ancient of Lore
06:26 Ancient of Lore
07:58 Moon Well
08:58 Moon Well
09:58 Moon Well
team 2 (loser)
GDL (
red | 135 APM | 3160 actions | 23:22)
6 Priestess of the Moon
3 Trueshot Aura
2 Scout
1 Starfall
» actions
| Assign group hotkey | 38 | |
| Basic commands | 10 | |
| Build / train | 50 | |
| Enter build submenu | 16 | |
| Enter hero's abilities submenu | 6 | |
| Give item / drop item | 1 | |
| Remove unit from queue | 1 | |
| Right click | 1124 | |
| Select / deselect | 303 | |
| Select group hotkey | 1582 | |
| Use ability | 29 | |
3160 total
» units
» upgrades
| Moon Armor | 3 | |
| Strength of the Moon | 3 | |
| Improved Bows | 1 | |
| Ultravision | 1 | |
| Marksmanship | 1 | |
| Well Spring | 1 | |
10 total
» buildings
| Altar of Elders | 1 | |
| Moon Well | 7 | |
| Ancient of War | 2 | |
| Hunter's Hall | 1 | |
| Tree of Ages | 1 | |
| Tree of Eternity | 1 | |
| Ancient Protector | 2 | |
| Ancient of Wind | 2 | |
17 total
» build order
00:09 Altar of Elders
00:20 Moon Well
00:54 Ancient of War
01:25 Moon Well
02:05 Hunter's Hall
02:24 Ancient of War
03:28 Moon Well
04:04 Tree of Ages
05:13 Moon Well
07:43 Tree of Eternity
08:21 Moon Well
09:00 Ancient Protector
09:11 Ancient Protector
13:09 Moon Well
18:33 Moon Well
21:26 Ancient of Wind
21:27 Ancient of Wind
» items
| Boots of Speed | 1 | |
| Scroll of Town Portal | 1 | |
2 total
Grunt_Life (
purple | 113 APM | 2893 actions | 25:42)
4 Blademaster
2 Wind Walk
2 Critical Strike
3 Shadow Hunter
2 Healing Wave
1 Hex
» actions
| Assign group hotkey | 35 | |
| Basic commands | 6 | |
| Build / train | 68 | |
| Enter build submenu | 20 | |
| Enter hero's abilities submenu | 7 | |
| Give item / drop item | 3 | |
| Remove unit from queue | 6 | |
| Right click | 902 | |
| Select / deselect | 354 | |
| Select group hotkey | 1338 | |
| Use ability | 154 | |
2893 total
» units
| Peon | 9 | |
| Grunt | 7 | |
| Spirit Walker | 10 | |
| Tauren | 7 | |
| Demolisher | 2 | |
35 total
» upgrades
| Spirit Walker Training | 2 | |
| Pulverize | 1 | |
| Burning Oil | 1 | |
| Armor | 1 | |
| Melee Weapons | 1 | |
| Ranged Weapons | 1 | |
7 total
» buildings
| Altar of Storms | 2 | |
| Orc Burrow | 7 | |
| Barracks | 1 | |
| Voodoo Lounge | 1 | |
| Stronghold | 2 | |
| Spirit Lodge | 1 | |
| Fortress | 1 | |
| War Mill | 1 | |
| Tauren Totem | 1 | |
| Great Hall | 3 | |
20 total
» build order
00:08 Altar of Storms
00:18 Orc Burrow
00:30 Barracks
01:26 Voodoo Lounge
01:43 Orc Burrow
03:01 Stronghold
03:01 Stronghold
03:25 Orc Burrow
05:31 Spirit Lodge
06:33 Fortress
07:14 War Mill
08:01 Orc Burrow
09:00 Tauren Totem
10:28 Orc Burrow
11:47 Orc Burrow
16:43 Orc Burrow
19:17 Great Hall
24:21 Great Hall
24:46 Great Hall
25:06 Altar of Storms
» items
| Healing Salve | 4 | |
| Lesser Clarity Potion | 2 | |
| Orb of Lightning | 1 | |
7 total
Stormfaagel (
blue | 94 APM | 2571 actions | 27:18)
5 Archmage
2 Summon Water Elemental
2 Brilliance Aura
1 Blizzard
3 Pit Lord
2 Rain of Fire
1 Cleaving Attack
» actions
| Assign group hotkey | 60 | |
| Basic commands | 163 | |
| Build / train | 227 | |
| ESC pressed | 16 | |
| Enter build submenu | 62 | |
| Enter hero's abilities submenu | 9 | |
| Give item / drop item | 6 | |
| Right click | 868 | |
| Select / deselect | 373 | |
| Select group hotkey | 593 | |
| Use ability | 194 | |
2571 total
» units
| Peasant | 18 | |
| Footman | 4 | |
| Sorceress | 1 | |
| Gryphon Rider | 9 | |
| Dragonhawk Rider | 4 | |
36 total
» upgrades
| Masonry | 3 | |
| Sorceress Training | 1 | |
| Lumber Harvesting | 2 | |
| Swords | 4 | |
| Magic Sentry | 1 | |
| Armor | 3 | |
| Animal War Training | 1 | |
| Cloud | 1 | |
| Storm Hammers | 1 | |
17 total
» buildings
| Barracks | 1 | |
| Altar of Kings | 1 | |
| Farm | 10 | |
| Lumber Mill | 1 | |
| Arcane Vault | 1 | |
| Scout Tower | 38 | |
| Arcane Tower | 4 | |
| Keep | 4 | |
| Guard Tower | 95 | |
| Blacksmith | 1 | |
| Arcane Sanctum | 1 | |
| Town Hall | 1 | |
| Castle | 3 | |
| Gryphon Aviary | 4 | |
| Ancient of Wonders | 1 | |
166 total
» build order
01:03 Barracks
01:05 Altar of Kings
01:07 Farm
01:16 Farm
01:48 Lumber Mill
01:55 Arcane Vault
02:26 Scout Tower
02:40 Farm
02:43 Farm
02:51 Arcane Tower
02:52 Arcane Tower
02:52 Arcane Tower
04:16 Keep
04:16 Keep
04:17 Keep
04:44 Scout Tower
04:45 Scout Tower
05:22 Guard Tower
05:23 Guard Tower
05:23 Guard Tower
05:51 Blacksmith
06:08 Scout Tower
06:09 Scout Tower
06:44 Guard Tower
06:45 Guard Tower
06:45 Guard Tower
06:45 Guard Tower
06:50 Arcane Sanctum
08:54 Town Hall
08:56 Scout Tower
08:57 Scout Tower
08:59 Scout Tower
09:00 Scout Tower
09:01 Scout Tower
09:02 Scout Tower
09:03 Scout Tower
09:04 Scout Tower
09:04 Scout Tower
09:05 Scout Tower
09:27 Guard Tower
09:27 Guard Tower
09:27 Guard Tower
09:32 Castle
09:32 Castle
09:55 Guard Tower
09:55 Guard Tower
09:55 Guard Tower
10:13 Guard Tower
10:13 Guard Tower
10:13 Guard Tower
10:14 Guard Tower
10:14 Guard Tower
10:15 Guard Tower
11:26 Guard Tower
11:27 Guard Tower
11:30 Scout Tower
11:32 Scout Tower
11:36 Scout Tower
12:03 Guard Tower
12:03 Guard Tower
12:03 Guard Tower
12:04 Guard Tower
12:05 Guard Tower
12:05 Guard Tower
12:26 Guard Tower
12:27 Guard Tower
12:27 Guard Tower
12:33 Scout Tower
12:39 Scout Tower
13:15 Guard Tower
13:15 Guard Tower
13:16 Guard Tower
13:16 Guard Tower
13:16 Guard Tower
13:19 Scout Tower
14:08 Guard Tower
14:09 Guard Tower
14:09 Guard Tower
15:04 Gryphon Aviary
15:06 Gryphon Aviary
16:09 Gryphon Aviary
16:11 Gryphon Aviary
16:45 Farm
16:46 Farm
16:47 Farm
16:48 Farm
16:49 Farm
17:56 Scout Tower
17:58 Scout Tower
18:00 Scout Tower
18:03 Scout Tower
18:09 Scout Tower
18:49 Guard Tower
18:49 Guard Tower
18:50 Guard Tower
18:50 Guard Tower
18:50 Guard Tower
18:50 Guard Tower
19:14 Guard Tower
19:14 Guard Tower
19:15 Guard Tower
21:47 Farm
23:30 Ancient of Wonders
25:27 Scout Tower
25:28 Scout Tower
25:29 Scout Tower
25:31 Scout Tower
25:32 Scout Tower
25:34 Scout Tower
25:50 Scout Tower
25:51 Scout Tower
25:52 Scout Tower
25:53 Scout Tower
25:54 Scout Tower
25:56 Scout Tower
26:01 Guard Tower
26:01 Guard Tower
26:01 Guard Tower
26:05 Guard Tower
26:06 Guard Tower
26:06 Guard Tower
26:06 Guard Tower
26:20 Guard Tower
26:21 Guard Tower
26:22 Guard Tower
26:23 Guard Tower
26:23 Guard Tower
26:23 Guard Tower
26:25 Guard Tower
26:25 Guard Tower
27:17 Guard Tower
» items
| Boots of Speed | 2 | |
| Staff of Teleportation | 2 | |
| Scroll of Regeneration | 2 | |
| Tome of Retraining | 1 | |
| Potion of Invisibility | 1 | |
| Periapt of Vitality | 1 | |
| Scroll of Town Portal | 1 | |
| Scroll of Healing | 1 | |
| Scroll of Protection | 1 | |
| Orb of Venom | 1 | |
13 total
Trademark (
orange | 28 APM | 750 actions | 27:01)
5 Firelord
3 Incinerate
2 Soul Burn
4 Tauren Chieftain
2 Endurance Aura
2 War Stomp
» actions
| Assign group hotkey | 4 | |
| Build / train | 62 | |
| Enter build submenu | 16 | |
| Enter hero's abilities submenu | 9 | |
| Give item / drop item | 2 | |
| Remove unit from queue | 2 | |
| Right click | 359 | |
| Select / deselect | 262 | |
| Select group hotkey | 1 | |
| Use ability | 33 | |
750 total
» units
| Peon | 10 | |
| Troll Headhunter/Berserker | 5 | |
| Wind Rider | 19 | |
| Kodo Beast | 1 | |
35 total
» upgrades
| Ranged Weapons | 3 | |
| Armor | 3 | |
| Envenomed Spears | 1 | |
| War Drums Damage Increase | 1 | |
8 total
» buildings
| Altar of Storms | 1 | |
| Orc Burrow | 7 | |
| Barracks | 1 | |
| War Mill | 1 | |
| Voodoo Lounge | 1 | |
| Stronghold | 1 | |
| Watch Tower | 2 | |
| Beastiary | 2 | |
| Fortress | 1 | |
| Great Hall | 1 | |
18 total
» build order
00:06 Altar of Storms
00:19 Orc Burrow
00:55 Barracks
01:33 War Mill
02:31 Orc Burrow
03:35 Voodoo Lounge
03:37 Stronghold
04:21 Watch Tower
04:48 Orc Burrow
06:06 Beastiary
06:10 Beastiary
07:37 Fortress
07:44 Orc Burrow
08:44 Orc Burrow
10:15 Orc Burrow
16:37 Orc Burrow
18:32 Great Hall
22:10 Watch Tower
» items
| Circlet of Nobility | 1 | |
| Lesser Clarity Potion | 2 | |
| Healing Salve | 1 | |
| Potion of Mana | 1 | |
5 total
Chat log
(00:48 / Allies) Trademark: mass wyvs
(01:09 / All) MY-SISTER-IS-21: how about that game of thrones season premeiere eh
(01:22 / All) twilight: how about that twilight saga
(01:47 / All) twilight: liked it or loved it?
(01:58 / All) 1nsp1re: can you watch the premiere for free
(02:03 / All) MY-SISTER-IS-21: love your grace
(02:21 / All) MY-SISTER-IS-21: pretty sur eu can watch everything for free these days
(02:22 / All) twilight: i bet your sister fingers hereself to edwar
(02:30 / Allies) Grunt_Life: lol
(02:35 / All) MY-SISTER-IS-21: wut dat
(02:44 / All) twilight: just the hottest vamp
(02:46 / All) twilight: nbd
(03:10 / All) twilight: necs here
(04:38 / All) MY-SISTER-IS-21: kodo #1
(06:13 / All) 1nsp1re: biatch
(06:41 / Allies) Stormfaagel: let's creep this, one more come
(06:47 / Allies) Trademark: kk
(07:01 / Allies) Grunt_Life: omw
(07:02 / Allies) Stormfaagel: creep here after
(08:00 / Allies) Stormfaagel: good work
(08:10 / Allies) Trademark: wood?
(11:07 / All) Stormfaagel: Gay
(11:12 / All) Stormfaagel: Latency on bnet sucks
(11:16 / All) Stormfaagel: ass
(13:26 / All) twilight: fuck you yellow
(13:30 / All) twilight: just tk
(13:42 / All) twilight: stupid cunt
(13:48 / All) MY-SISTER-IS-21: quit ur crying
(13:49 / All) MY-SISTER-IS-21: baby
(13:53 / All) MY-SISTER-IS-21: i asked for wood and u failed to deliver
(14:07 / All) twilight: cuasse you base sit like a little bitch
(14:10 / Allies) Stormfaagel: wood
(14:59 / All) Stormfaagel: why the hell did they leave
(15:06 / All) MY-SISTER-IS-21: cry babyies
(15:27 / Allies) Stormfaagel: wood
(15:32 / Allies) Stormfaagel: I need wood for the war effort
(17:24 / Allies) Trademark: might wanna wait lol
(19:21 / Allies) Stormfaagel: wait for my hawks
(19:41 / Allies) Stormfaagel: I need some more wood to get my last upgrades if anyone got spare
(19:55 / Allies) Stormfaagel: ty
(19:55 / Allies) Grunt_Life: lets go
(20:59 / Allies) GDL: kill blue
(20:59 / Allies) Trademark: lol
(21:13 / Allies) Stormfaagel: you couldn't if you tried lol
(21:19 / Allies) Grunt_Life: lol
(21:50 / Allies) Grunt_Life: we had that
(22:25 / Allies) Stormfaagel: thanks for the wells
(22:30 / Allies) Trademark: lol we really gnna lose thsi
(22:38 / Allies) Grunt_Life: wut happn
(22:45 / All) Stormfaagel: "wut happn" - purple
(22:55 / All) Stormfaagel: I think he might have an insufficient mental capacity
(23:22 / Allies) Stormfaagel: why you have no shop, I'd like an orc noob elf
(23:43 / Allies) Stormfaagel: You can leave, orange and purple
(23:46 / Allies) Stormfaagel: You have my permission
(23:54 / Allies) Stormfaagel: You couldn't win 3v2 lol
(24:02 / Allies) Stormfaagel: must be embarassing
(24:14 / Allies) Trademark: not reallty
(24:24 / Allies) Trademark: kinda funny doe
(24:34 / Allies) Stormfaagel: Is that what your mother told you, that it's not really this embarassing?
(24:42 / Allies) Trademark: yes
(25:15 / All) MY-SISTER-IS-21: u are a great playe roj
(25:23 / All) Trademark: thank you
(25:27 / Allies) Grunt_Life: lol
(25:35 / Allies) Grunt_Life: he makeing f
(25:36 / All) Stormfaagel: orange
(25:38 / All) Stormfaagel: Have yo uheard the word
(25:40 / All) Stormfaagel: sarcasm?
(25:42 / All) Trademark: just started back up havent played since roc
(25:55 / All) Trademark: bro its a game lol
(26:12 / All) Trademark: i play for fun not to talk shit
(26:14 / All) Stormfaagel: leave then and make my job easier
(26:23 / All) Trademark: fuck your job
(26:38 / All) Stormfaagel: that's not a good attitude for the economy
(26:38 / All) Trademark: i should slap you in the cock sucker for that statement
(26:41 / All) Stormfaagel: wahat are you, obama?
(27:06 / All) Stormfaagel: Which team getst he loss?
(27:10 / All) MY-SISTER-IS-21: ur lose i say brb bathroom
(27:13 / All) Stormfaagel: k